Map: Pillars of Gold LE

Players

Future

  • Race: Terran Terran
  • League: Master
  • Spawn Location: 7:00

Astrea - Winner!

  • Race: Protoss Protoss
  • League: Master
  • Spawn Location: 1:00

Event: DreamHack SC2 Masters 2020 Winter

VOD

Have the link to the VOD?

Description

Time

  • Played on: Nov. 4, 2020, 4:14 p.m.
  • Length: 7:24

All games in this series

Show
View Real Time Build Order
Export as new Build Order

Future Terran 

Build Orders: Reaper Expand 

Get SALT Encoding   

  12  0:00  SCV  
  13  0:12  SCV  
  14  0:17  Supply Depot  
  14  0:25  SCV  
  15  0:39  SCV  
  15  0:41  Barracks  
  16  0:45  Refinery  
  16  0:51  SCV  
  17  1:03  SCV  
  18  1:15  SCV  
  19  1:27  Reaper  
  19  1:28  Orbital Command  
  20  1:43  Command Center  
  20  1:54  SCV  
  20  1:57  Bunker  
  20  1:59  Marine  
  22  2:06  Supply Depot  
  22  2:10  SCV  
  23  2:18  Barracks Reactor  
  23  2:27  SCV  
  23  2:29  Factory  
  24  2:35  Refinery  
  24  2:39  SCV  
  24  2:51  SCV  
  24  2:55  Marine x2  
  27  3:04  Supply Depot  
  27  3:07  SCV  
  27  3:15  Marine  
  27  3:16  Marine  
  27  3:19  Hellion  
  31  3:22  Starport  
  31  3:26  SCV  
  32  3:33  Marine  
  30  3:40  SCV  
  31  3:54  Marine x2, SCV  
  32  3:57  Factory Tech Lab  
  32  3:58  Orbital Command  
  32  4:06  SCV  
  33  4:11  Barracks  
  33  4:13  Supply Depot  
  33  4:18  SCV  
  33  4:20  Barracks  
  33  4:23  Factory Tech Lab  
  34  4:26  SCV  
  34  4:27  Raven  
  38  4:31  SCV  
  38  4:38  SCV  
  39  4:42  Engineering Bay  
  39  4:43  SCV  
  40  4:50  SCV  
  41  4:55  SCV  
  41  4:57  Refinery  
  42  5:02  SCV  
  42  5:05  Stimpack  
  43  5:07  SCV  
  43  5:08  Terran Infantry Weapons Level 1  
  43  5:11  Supply Depot  
  44  5:18  Combat Shield, SCV  
  44  5:19  SCV  
  44  5:20  Starport Reactor  
  46  5:28  Marine x3  
  43  5:29  Marine  
  43  5:30  Factory Tech Lab  
  43  5:31  SCV  
  43  5:32  SCV  
  49  5:36  Supply Depot  
  49  5:44  SCV x2  
  49  5:47  Marine  
  49  5:48  Marine x3  
  58  5:50  Siege Tank  
  58  5:56  SCV, Supply Depot  
  58  5:57  SCV  
  57  6:05  Marine  
  57  6:06  Marine  
  57  6:07  Marauder x2  
  57  6:08  SCV  
  57  6:09  SCV  
  65  6:12  Medivac  
  65  6:18  Supply Depot  
  67  6:19  Supply Depot  
  67  6:22  Siege Tank  
  67  6:25  Medivac  
  70  6:30  Marauder  
  70  6:32  Marauder, Marine  
  75  6:33  Marine  
  76  6:41  Supply Depot  
  76  6:48  Supply Depot  
  76  6:49  SCV x2  
  76  6:51  Viking  
  80  6:56  Marauder, Marine x2  
  86  7:02  Marauder  
  87  7:18  Supply Depot  
Show
View Real Time Build Order
Export as new Build Order

Astrea Protoss - Winner!

Build Orders: Phoenix Opening, Colossus Rush 

Get SALT Encoding   

  12  0:00  Probe  
  13  0:13  Pylon  
  13  0:18  Probe  
  14  0:31  Gateway  
  14  0:35  Probe (Chrono Boost)  
  15  0:44  Probe (Chrono Boost)  
  15  0:46  Assimilator  
  15  0:49  Probe (Chrono Boost)  
  17  1:01  Probe  
  18  1:13  Probe  
  18  1:18  Cybernetics Core  
  19  1:20  Zealot  
  19  1:25  Pylon, Probe  
  22  1:49  Nexus  
  22  1:52  Adept (Chrono Boost)  
  22  1:59  Probe  
  25  2:03  Warp Gate  
  25  2:07  Assimilator  
  25  2:12  Probe  
  25  2:14  Adept (Chrono Boost)  
  28  2:24  Pylon  
  28  2:27  Probe  
  29  2:37  Adept  
  29  2:42  Probe  
  32  2:54  Probe  
  33  3:00  Stargate  
  33  3:03  Probe  
  34  3:06  Probe  
  35  3:15  Probe  
  35  3:19  Probe  
  37  3:27  Probe  
  37  3:32  Probe  
  37  3:39  Probe (Chrono Boost)  
  36  3:44  Probe (Chrono Boost)  
  36  3:45  Phoenix, Gateway  
  39  3:50  Robotics Facility  
  39  3:51  Probe (Chrono Boost)  
  39  3:54  Probe (Chrono Boost)  
  41  3:57  Probe (Chrono Boost)  
  41  3:58  Sentry  
  41  3:59  Probe (Chrono Boost)  
  45  4:04  Assimilator  
  45  4:05  Probe  
  45  4:06  Assimilator  
  45  4:07  Pylon  
  46  4:10  Probe  
  46  4:11  Phoenix (Chrono Boost)  
  49  4:18  Probe  
  49  4:22  Probe  
  51  4:30  Phoenix (Chrono Boost), Probe  
  52  4:35  Probe  
  55  4:39  Observer  
  55  4:42  Probe  
  57  4:47  Pylon, Probe  
  57  4:51  Robotics Bay  
  58  4:54  Probe  
  58  4:56  Pylon  
  58  4:59  Probe  
  60  5:02  Observer  
  60  5:06  Probe  
  62  5:10  Gateway  
  62  5:11  Phoenix, Probe  
  62  5:12  Forge  
  65  5:15  Pylon  
  65  5:18  Probe  
  66  5:23  Probe  
  67  5:30  Probe  
  67  5:32  Nexus  
  67  5:34  Colossus (Chrono Boost)  
  68  5:42  Extended Thermal Lance  
  74  5:45  Observer  
  74  5:49  Twilight Council  
  74  6:05  Probe x2  
  76  6:13  Observer  
  76  6:17  Probe x2  
  78  6:18  Colossus (Chrono Boost)  
  84  6:29  Gateway, Probe x2  
  84  6:31  Gateway  
  86  6:32  Shield Battery  
  86  6:33  Pylon  
  86  6:35  Pylon  
  86  6:49  Phoenix  
  86  6:51  Zealot x3  
  94  7:07  Pylon  
  100  7:08  Pylon  
  100  7:14  Zealot x3  
Tags
 
Add a new tag
Caveats
  • Supply blocks, unpowered buildings, or Contaminate may cause inaccurate times.
  • Supply counts are checked every 10 seconds.